[Event "CZE-ch Youth B14 2022"]
[Site "Luhacovice"]
[Date "2022.03.16"]
[Round "6.8"]
[White "Kubin, Tomas Daniel"]
[Black "Dusanek, Michal"]
[Result "0-1"]
[ECO "B32"]
[WhiteElo "1666"]
[BlackElo "1682"]
[Annotator "NA"]
[PlyCount "66"]
[EventDate "2022.03.12"]
[EventType "swiss"]
[EventCountry "CZE"]
[SourceTitle "playchess.com"]
[Source "ChessBase"]
[SourceQuality "1"]
[TimeControl "40/5400+30:1800+30"]

1. e4 c5 2. Nf3 Nc6 3. d4 cxd4 4. Nxd4 g6 5. Be3 Bg7 6. Nc3 Nf6 7. Nxc6 bxc6 8. e5 Ng8 9. f4 f6 10. e6 d5 11. f5 Qc7 12. Bd3 Qe5 13. Qd2 Bh6 14. Kf2 Bxe3+ 15. Qxe3 Qxe3+ 16. Kxe3 gxf5 17. Bxf5 Nh6 18. g4 Rg8 19. h3 Rb8 20. Na4 Rb4 21. b3 Nxf5+ 22. gxf5 Rg3+ 23. Ke2 Rf4 24. Rhg1 Rxg1 25. Rxg1 Kf8 26. Rg3 Rxf5 27. Re3 Re5 28. Nc5 Ke8 29. Kf3 Kd8 30. Kf4 Rxe3 31. Kxe3 Kc7 32. Kf4 Kd6 33. b4 Bxe6 0-1

[Event "CZE-ch Youth B14 2022"]
[Site "Luhacovice"]
[Date "2022.03.16"]
[Round "6.9"]
[White "Davidek, Zdenek"]
[Black "Tesar, Jakub"]
[Result "1/2-1/2"]
[ECO "D26"]
[WhiteElo "1570"]
[BlackElo "1660"]
[Annotator "NA"]
[PlyCount "100"]
[EventDate "2022.03.12"]
[EventType "swiss"]
[EventCountry "CZE"]
[SourceTitle "playchess.com"]
[Source "ChessBase"]
[SourceQuality "1"]
[TimeControl "40/5400+30:1800+30"]

1. d4 d5 2. Nf3 Nf6 3. c4 dxc4 4. e3 e6 5. Bxc4 c5 6. O-O Nc6 7. Qe2 cxd4 8. Rd1 Be7 9. exd4 O-O 10. Nc3 Nb4 11. Ne5 Nbd5 12. Qf3 a6 13. a4 Qa5 14. Bd2 Bb4 15. Bd3 Qb6 16. Be1 Bd6 17. Nc4 Qc7 18. Nxd6 Qxd6 19. Bd2 Bd7 20. Bg5 h6 21. Bd2 Bc6 22. Qg3 Qxg3 23. hxg3 Rfd8 24. Nxd5 Bxd5 25. Ba5 Rd6 26. Bb4 Rd7 27. a5 Bc6 28. Ra3 Rad8 29. Bc5 Rd5 30. Bb6 Rc8 31. Rc3 Rg5 32. Bf1 Nd5 33. Rc2 Nxb6 34. axb6 Rd8 35. Rcd2 Bb5 36. Rc1 Bxf1 37. Kxf1 Rb5 38. Ke2 Rxb6 39. Ke3 Kh7 40. Rc7 Kg6 41. Rdc2 Rb3+ 42. R7c3 Rb4 43. Rc4 Rxc4 44. Rxc4 Rd6 45. b4 Kf6 46. Rc2 Ke7 47. b5 a5 48. Rc7+ Rd7 49. Rc8 Kd6 50. b6 Kd5 1/2-1/2

[Event "CZE-ch Youth B14 2022"]
[Site "Luhacovice"]
[Date "2022.03.16"]
[Round "6.10"]
[White "Sigut, Ondrej"]
[Black "Hozda, Max"]
[Result "1/2-1/2"]
[ECO "B13"]
[WhiteElo "1536"]
[BlackElo "1901"]
[Annotator "ChessBase"]
[PlyCount "117"]
[EventDate "2022.03.12"]
[EventType "swiss"]
[EventCountry "CZE"]
[SourceTitle "playchess.com"]
[Source "ChessBase"]
[SourceQuality "1"]
[TimeControl "40/5400+30:1800+30"]

1. e4 c6 2. d4 d5 3. exd5 cxd5 4. Bd3 Nc6 5. c3 Nf6 6. Bf4 g6 7. Nf3 Bg7 8. O-O O-O 9. Re1 Bf5 10. Bxf5 gxf5 11. Ne5 Ne4 12. Nxc6 bxc6 13. Qe2 e6 14. f3 Nd6 15. Nd2 Nb7 16. Nb3 Qe7 17. Qf2 f6 18. Re2 Rfe8 19. Rae1 Qd7 20. Qg3 Kh8 21. Re3 Rac8 22. R3e2 c5 23. dxc5 Nxc5 24. Nxc5 Rxc5 25. Qh3 Rcc8 26. Bh6 e5 27. Bxg7+ Kxg7 28. Qg3+ Kh8 29. Rd2 f4 30. Qf2 Red8 31. Red1 Qb7 32. h3 Rc7 33. Kh2 Qc6 34. Rd3 Rcd7 35. a3 f5 36. R3d2 Qc7 37. Kh1 e4 38. fxe4 fxe4 39. Qd4+ Kg8 40. Rf2 Rf7 41. c4 e3 42. Re2 Rfd7 43. c5 Rf7 44. b4 Qc6 45. Rf1 Qb5 46. Rfe1 Qc4 47. Qxc4 dxc4 48. Rc2 Rd4 49. Kg1 Kf8 50. c6 Ke8 51. b5 Re7 52. Kf1 Kd8 53. Ke2 Kc7 54. Rd1 Ree4 55. Rxd4 Rxd4 56. a4 c3 57. Rxc3 Rxa4 58. g3 Ra2+ 59. Kf1 1/2-1/2

[Event "CZE-ch Youth B14 2022"]
[Site "Luhacovice"]
[Date "2022.03.16"]
[Round "6.11"]
[White "Mrazek, Adam"]
[Black "Vysinsky, Otakar"]
[Result "0-1"]
[ECO "D18"]
[WhiteElo "1582"]
[BlackElo "1534"]
[Annotator "NA"]
[PlyCount "88"]
[EventDate "2022.03.12"]
[EventType "swiss"]
[EventCountry "CZE"]
[SourceTitle "playchess.com"]
[Source "ChessBase"]
[SourceQuality "1"]
[TimeControl "40/5400+30:1800+30"]

1. d4 d5 2. c4 c6 3. Nf3 Nf6 4. Nc3 dxc4 5. a4 Bf5 6. e3 e6 7. Bxc4 Bb4 8. O-O Nbd7 9. Bd2 O-O 10. Ne2 Bxd2 11. Nxd2 e5 12. b4 exd4 13. Nxd4 Bg6 14. N2f3 Qc7 15. Bd3 Bxd3 16. Qxd3 Rad8 17. Rfd1 Ne5 18. Nxe5 Qxe5 19. Qe2 Rd5 20. Rac1 Rfd8 21. Qf3 Qe4 22. Qxe4 Nxe4 23. f3 Ng5 24. Re1 Kf8 25. b5 c5 26. Nb3 b6 27. Kf2 Ne6 28. a5 Nc7 29. axb6 axb6 30. e4 Rd3 31. Nxc5 bxc5 32. Rxc5 Ne6 33. Rh5 Rd2+ 34. Kg3 Rxg2+ 35. Kxg2 Nf4+ 36. Kg3 Nxh5+ 37. Kg4 Nf6+ 38. Kf5 Rb8 39. Rb1 Ke7 40. b6 Nd7 41. Rg1 g6+ 42. Kg5 h5 43. f4 Rxb6 44. f5 Ne5 0-1

[Event "CZE-ch Youth B14 2022"]
[Site "Luhacovice"]
[Date "2022.03.16"]
[Round "6.12"]
[White "Juhanak, Daniel"]
[Black "Veverka, Vladimir"]
[Result "1-0"]
[ECO "B02"]
[WhiteElo "1688"]
[BlackElo "1723"]
[Annotator "NA"]
[PlyCount "89"]
[EventDate "2022.03.12"]
[EventType "swiss"]
[EventCountry "CZE"]
[SourceTitle "playchess.com"]
[Source "ChessBase"]
[SourceQuality "1"]
[TimeControl "40/5400+30:1800+30"]

1. e4 Nf6 2. e5 Ng8 3. d4 d6 4. Nf3 c5 5. dxc5 Qa5+ 6. Nc3 dxc5 7. Bb5+ Bd7 8. Bxd7+ Nxd7 9. Bd2 e6 10. Qe2 Qb6 11. O-O-O a6 12. Be3 h6 13. Ne4 O-O-O 14. Qc4 Qc6 15. Nd6+ Bxd6 16. Rxd6 Qc7 17. Qh4 Re8 18. Rhd1 Nb6 19. Bxc5 Nd5 20. Qd4 Nge7 21. Bb6 Nxb6 22. Qxb6 Qxb6 23. Rxb6 Kc7 24. Rbd6 Rd8 25. c4 Nf5 26. Rxd8 Rxd8 27. Rxd8 Kxd8 28. Kd2 Kc7 29. Kd3 Kb6 30. Nd4 Nh4 31. g3 Ng6 32. f4 Ne7 33. b4 g6 34. Ke4 h5 35. Kd3 Kc7 36. a3 Kb6 37. Ke4 Kc7 38. Ke3 Kb6 39. Kf3 Kc7 40. Ke3 Kb6 41. Ke4 Kc7 42. Nf3 Kd7 43. Ng5 Ke8 44. Kd3 b6 45. Ne4 1-0

[Event "CZE-ch Youth B14 2022"]
[Site "Luhacovice"]
[Date "2022.03.17"]
[Round "7.1"]
[White "Fizer, Marek"]
[Black "Hladky, Tadeas"]
[Result "1/2-1/2"]
[ECO "C01"]
[WhiteElo "1876"]
[BlackElo "2029"]
[Annotator "ChessBase"]
[PlyCount "107"]
[EventDate "2022.03.12"]
[EventType "swiss"]
[EventCountry "CZE"]
[SourceTitle "playchess.com"]
[Source "ChessBase"]
[SourceQuality "1"]
[TimeControl "40/5400+30:1800+30"]

1. e4 e6 2. d4 d5 3. exd5 exd5 4. Bd3 Bd6 5. Ne2 Ne7 6. O-O O-O 7. Bf4 Bf5 8. Bxd6 Qxd6 9. Ng3 Bxd3 10. Qxd3 Nd7 11. Nd2 g6 12. Rfe1 Rfe8 13. Re2 Nf8 14. Nf3 Ne6 15. Qd2 Nc6 16. Rae1 Re7 17. c3 Rae8 18. Ne5 Nxe5 19. dxe5 Qc5 20. Qh6 Qc4 21. Re3 Qf4 22. Qxf4 Nxf4 23. Nf1 c5 24. g3 Ne6 25. f4 d4 26. cxd4 cxd4 27. Rd3 Rc7 28. Kf2 Rd8 29. Red1 Rd5 30. Kf3 Ra5 31. a3 Rb5 32. b4 a5 33. bxa5 Rxa5 34. Nd2 Rc3 35. Ne4 Rcxa3 36. Nf6+ Kg7 37. Rxa3 Rxa3+ 38. Ke2 Ra2+ 39. Kf3 Rxh2 40. Rc1 d3 41. Rc8 Nf8 42. Rd8 d2 43. Ng4 Ne6 44. Rd5 Rh1 45. Rxd2 Rc1 46. Nf6 b5 47. Ra2 h5 48. Ra8 Rc3+ 49. Kf2 b4 50. Rg8+ Kh6 51. Rh8+ Kg7 52. Rh7+ Kf8 53. Rh8+ Kg7 54. Rg8+ 1/2-1/2

[Event "CZE-ch Youth B14 2022"]
[Site "Luhacovice"]
[Date "2022.03.17"]
[Round "7.2"]
[White "Zrubek, Dan"]
[Black "Prazak, Daniel"]
[Result "0-1"]
[ECO "B15"]
[WhiteElo "1478"]
[BlackElo "2016"]
[Annotator "ChessBase"]
[PlyCount "106"]
[EventDate "2022.03.12"]
[EventType "swiss"]
[EventCountry "CZE"]
[SourceTitle "playchess.com"]
[Source "ChessBase"]
[SourceQuality "1"]
[TimeControl "40/5400+30:1800+30"]

1. e4 c6 2. d4 d5 3. Nc3 dxe4 4. Nxe4 Nf6 5. Nxf6+ exf6 6. c3 Bd6 7. Bd3 O-O 8. Ne2 Re8 9. O-O Nd7 10. Ng3 Nf8 11. Nf5 Bxf5 12. Bxf5 Qc7 13. h3 Re7 14. Be3 Rae8 15. Qd2 Ng6 16. Bxg6 hxg6 17. Rae1 f5 18. Qc1 f4 19. Bd2 f3 20. gxf3 Qa5 21. a3 Qh5 22. Kg2 Re6 23. Rxe6 Rxe6 24. Qd1 Rf6 25. f4 Qh6 26. Qc1 Qh4 27. Re1 g5 28. Re3 Bxf4 29. Rf3 Bxd2 30. Qxd2 Rxf3 31. Kxf3 Qxh3+ 32. Ke2 Qe6+ 33. Kd1 f6 34. Qc2 Qg4+ 35. Ke1 Qe6+ 36. Kd1 Kf7 37. Qa4 a6 38. Qb4 Qg4+ 39. Ke1 Qe4+ 40. Kd2 b5 41. Qc5 Kg6 42. Qb6 Qf4+ 43. Ke2 Qe4+ 44. Kd2 f5 45. Qxa6 f4 46. Qc8 f3 47. b3 Qe2+ 48. Kc1 Qe1+ 49. Kc2 Qxf2+ 50. Kb1 Qe1+ 51. Kb2 Qe2+ 52. Kb1 Qe4+ 53. Kb2 f2 0-1

[Event "CZE-ch Youth B14 2022"]
[Site "Luhacovice"]
[Date "2022.03.17"]
[Round "7.4"]
[White "Brozka, Karel"]
[Black "Svoboda, Daniel"]
[Result "1-0"]
[ECO "D93"]
[WhiteElo "2125"]
[BlackElo "1619"]
[Annotator "ChessBase"]
[PlyCount "51"]
[EventDate "2022.03.12"]
[EventType "swiss"]
[EventCountry "CZE"]
[SourceTitle "playchess.com"]
[Source "ChessBase"]
[SourceQuality "1"]
[TimeControl "40/5400+30:1800+30"]

1. d4 Nf6 2. c4 g6 3. Nc3 d5 4. Nf3 Bg7 5. Bf4 O-O 6. e3 c5 7. Qb3 cxd4 8. Nxd4 dxc4 9. Bxc4 Nc6 10. Nxc6 bxc6 11. O-O Qa5 12. e4 e5 13. Be3 Ba6 14. Rac1 Bxc4 15. Qxc4 Rfc8 16. Rfd1 Rab8 17. b3 c5 18. Qe2 h5 19. Nd5 Nxd5 20. Rxd5 Qa3 21. Rc4 Qa6 22. Qc2 Qa5 23. h3 Qe1+ 24. Kh2 Bf8 25. Rd7 a5 26. Rd1 1-0

[Event "CZE-ch Youth B14 2022"]
[Site "Luhacovice"]
[Date "2022.03.17"]
[Round "7.5"]
[White "Dusanek, Michal"]
[Black "Setina, Vaclav"]
[Result "1-0"]
[ECO "D00"]
[WhiteElo "1682"]
[BlackElo "1881"]
[Annotator "NA"]
[PlyCount "95"]
[EventDate "2022.03.12"]
[EventType "swiss"]
[EventCountry "CZE"]
[SourceTitle "playchess.com"]
[Source "ChessBase"]
[SourceQuality "1"]
[TimeControl "40/5400+30:1800+30"]

1. d4 d5 2. Bf4 Nf6 3. e3 Bf5 4. Nd2 e6 5. Ngf3 Bd6 6. Ne5 O-O 7. Be2 Nbd7 8. g4 Bg6 9. h4 h6 10. Nxg6 fxg6 11. Bxd6 cxd6 12. Bd3 Ne4 13. Nxe4 dxe4 14. Bxe4 d5 15. Bd3 Qa5+ 16. c3 e5 17. Bxg6 Qb6 18. Bf5 Qxb2 19. O-O Nb6 20. Qb3 Qe2 21. Qd1 Qc4 22. dxe5 Qxc3 23. Qd4 Qxd4 24. exd4 g6 25. Be6+ $18 ({Weaker is} 25. Bxg6 Rf4 $18) 25... Kh8 26. f4 Rae8 27. f5 Re7 28. Rac1 h5 29. gxh5 gxf5 30. Rxf5 Rxf5 31. Bxf5 Nc4 32. Bd3 b5 33. Kf2 Kg7 34. Kg3 Kh6 35. Bg6 a5 36. Kf4 Rc7 37. e6 b4 38. Rb1 Kg7 39. Kg5 Nd2 40. h6+ Kh8 41. Rb2 Nf3+ 42. Kf6 Rc6 43. Kf7 Nxh4 44. e7 Rc7 45. Rc2 Rxe7+ 46. Kxe7 Nxg6+ 47. Kf6 Nh4 48. Rf2 1-0

[Event "CZE-ch Youth B14 2022"]
[Site "Luhacovice"]
[Date "2022.03.17"]
[Round "7.6"]
[White "Soucek, Jan"]
[Black "Siles, Jan"]
[Result "1-0"]
[ECO "D05"]
[WhiteElo "1849"]
[BlackElo "1548"]
[Annotator "NA"]
[PlyCount "27"]
[EventDate "2022.03.12"]
[EventType "swiss"]
[EventCountry "CZE"]
[SourceTitle "playchess.com"]
[Source "ChessBase"]
[SourceQuality "1"]
[TimeControl "40/5400+30:1800+30"]

1. d4 d5 2. Nf3 Nf6 3. e3 e6 4. Bd3 c5 5. c3 Bd6 6. Nbd2 Nbd7 7. O-O O-O 8. e4 dxe4 9. Nxe4 Nxe4 10. Bxe4 Nf6 11. Bc2 b6 12. Bg5 cxd4 $2 (12... h6 $11 13. dxc5 Bxc5 14. Bxf6 Qxf6) 13. Qxd4 Be7 14. Bxf6 $18 1-0

[Event "CZE-ch Youth B14 2022"]
[Site "Luhacovice"]
[Date "2022.03.17"]
[Round "7.7"]
[White "Juracak, David"]
[Black "Jasso, Matej"]
[Result "0-1"]
[ECO "D00"]
[WhiteElo "1717"]
[BlackElo "1726"]
[Annotator "NA"]
[PlyCount "52"]
[EventDate "2022.03.12"]
[EventType "swiss"]
[EventCountry "CZE"]
[SourceTitle "playchess.com"]
[Source "ChessBase"]
[SourceQuality "1"]
[TimeControl "40/5400+30:1800+30"]

1. d4 d5 2. Bf4 Nf6 3. e3 c5 4. dxc5 Nc6 5. Bb5 e6 6. b4 Ne4 7. f3 Qf6 8. Qd4 Qg6 9. g3 Nf6 10. c3 Nd7 11. Bxc6 bxc6 12. e4 Be7 13. exd5 exd5 14. Ne2 Ba6 15. Na3 O-O 16. Kf2 Bxe2 17. Kxe2 a5 18. Bd6 Bf6 19. Qf4 Rfe8+ 20. Kf2 axb4 21. Qxb4 Qd3 22. Rhe1 Qd2+ 23. Kf1 Rxe1+ 24. Rxe1 Bxc3 25. Qb1 Qxe1+ 26. Qxe1 Bxe1 0-1

[Event "CZE-ch Youth B14 2022"]
[Site "Luhacovice"]
[Date "2022.03.17"]
[Round "7.8"]
[White "Vysinsky, Otakar"]
[Black "Hozda, Max"]
[Result "0-1"]
[ECO "B11"]
[WhiteElo "1534"]
[BlackElo "1901"]
[Annotator "ChessBase"]
[PlyCount "96"]
[EventDate "2022.03.12"]
[EventType "swiss"]
[EventCountry "CZE"]
[SourceTitle "playchess.com"]
[Source "ChessBase"]
[SourceQuality "1"]
[TimeControl "40/5400+30:1800+30"]

1. e4 c6 2. Nc3 d5 3. Nf3 Bg4 4. h3 Bxf3 5. Qxf3 e6 6. d4 Nf6 7. e5 Nfd7 8. Ne2 c5 9. c3 Qb6 10. Qd3 Nc6 11. a3 cxd4 12. cxd4 Na5 13. b4 Nc4 14. Nc3 Be7 15. Be2 O-O 16. O-O f6 17. Na4 Qc6 18. exf6 Bxf6 19. Nb2 Nd6 20. Be3 Nf5 21. Rac1 Qd6 22. Qd2 Nxe3 23. fxe3 Bg5 24. Nd3 Kh8 25. Nf4 e5 26. dxe5 Qxe5 27. Nxd5 Nf6 28. Nf4 Rfd8 29. Qc3 Bxf4 30. Rxf4 Qxc3 31. Rxc3 Nd5 32. Rc2 Nxf4 33. exf4 Rac8 34. Rxc8 Rxc8 35. a4 Rc2 36. Bf3 b6 37. a5 bxa5 38. bxa5 Ra2 39. g4 Rxa5 40. Kf2 Ra3 41. Bd5 Rxh3 42. g5 a5 43. Be6 Rh2+ 44. Kf3 a4 45. f5 a3 46. f6 gxf6 47. gxf6 a2 48. f7 Kg7 0-1

[Event "CZE-ch Youth B14 2022"]
[Site "Luhacovice"]
[Date "2022.03.17"]
[Round "7.9"]
[White "Babula, Matej"]
[Black "Davidek, Zdenek"]
[Result "1-0"]
[ECO "B13"]
[WhiteElo "1753"]
[BlackElo "1570"]
[Annotator "NA"]
[PlyCount "69"]
[EventDate "2022.03.12"]
[EventType "swiss"]
[EventCountry "CZE"]
[SourceTitle "playchess.com"]
[Source "ChessBase"]
[SourceQuality "1"]
[TimeControl "40/5400+30:1800+30"]

1. e4 c6 2. d4 d5 3. exd5 cxd5 4. Bd3 Nc6 5. c3 Nf6 6. h3 g6 7. Nf3 Qc7 8. O-O Bf5 9. Be2 Bg7 10. Bg5 Ne4 11. Bh4 O-O 12. Nbd2 Nxd2 13. Qxd2 Rad8 14. g4 Bc8 15. Bg3 Qb6 16. Kg2 Rfe8 17. Rae1 f6 18. g5 fxg5 19. Nxg5 e5 20. dxe5 Nxe5 21. f4 Nc4 22. Bxc4 dxc4 23. Rxe8+ Rxe8 24. Qd5+ Be6 25. Nxe6 Rxe6 26. Qxc4 Qxb2+ 27. Bf2 Qe2 28. Qc8+ Re8 29. Qxb7 Qxa2 30. Kg1 Bxc3 31. Qc6 Qf7 32. Qxc3 Qxf4 33. Qb3+ Kh8 34. Rd1 Re2 35. Bd4+ 1-0

[Event "CZE-ch Youth B14 2022"]
[Site "Luhacovice"]
[Date "2022.03.17"]
[Round "7.10"]
[White "Tesar, Jakub"]
[Black "Juhanak, Daniel"]
[Result "0-1"]
[ECO "C07"]
[WhiteElo "1660"]
[BlackElo "1688"]
[Annotator "NA"]
[PlyCount "80"]
[EventDate "2022.03.12"]
[EventType "swiss"]
[EventCountry "CZE"]
[SourceTitle "playchess.com"]
[Source "ChessBase"]
[SourceQuality "1"]
[TimeControl "40/5400+30:1800+30"]

1. e4 e6 2. d4 d5 3. Nd2 c5 4. exd5 Qxd5 5. dxc5 Bxc5 6. Ngf3 Nf6 7. Bc4 Qd6 8. O-O O-O 9. Nb3 Rd8 10. Qe2 Bb6 11. Bg5 Nc6 12. Rad1 Qe7 13. Rxd8+ Bxd8 14. Rd1 Bc7 15. Nbd2 h6 16. Bh4 g5 17. Nxg5 Nd4 18. Qd3 hxg5 19. Bxg5 Qd6 20. Qh3 e5 21. Qh6 Ng4 22. Qh5 Be6 23. Bd3 e4 24. Nxe4 Qxh2+ 25. Qxh2 Bxh2+ 26. Kf1 Ne5 27. Bf6 Nxd3 28. cxd3 Nc6 29. g3 Bg4 30. Rd2 Bh3+ 31. Ke1 Bf5 32. Ng5 Re8+ 33. Kf1 Ne5 34. d4 Ng4 35. Be5 f6 36. f3 Nxe5 37. dxe5 fxg5 38. Kg2 Bxg3 39. Kxg3 Rxe5 40. Rd8+ Kf7 0-1

[Event "CZE-ch Youth B14 2022"]
[Site "Luhacovice"]
[Date "2022.03.17"]
[Round "7.11"]
[White "Veverka, Vladimir"]
[Black "Kubin, Tomas Daniel"]
[Result "0-1"]
[ECO "A58"]
[WhiteElo "1723"]
[BlackElo "1666"]
[Annotator "NA"]
[PlyCount "66"]
[EventDate "2022.03.12"]
[EventType "swiss"]
[EventCountry "CZE"]
[SourceTitle "playchess.com"]
[Source "ChessBase"]
[SourceQuality "1"]
[TimeControl "40/5400+30:1800+30"]

1. d4 Nf6 2. c4 c5 3. d5 b5 4. cxb5 a6 5. bxa6 g6 6. Nc3 Bg7 7. e4 O-O 8. a7 Rxa7 9. Nf3 e6 10. Be2 exd5 11. exd5 d6 12. O-O Ba6 13. Nd2 Bxe2 14. Qxe2 Re8 15. Qf3 Na6 16. Nb5 Rd7 17. Nc4 Nb4 18. Rd1 Qb8 19. a4 Nfxd5 20. h3 Qa8 21. Ncxd6 Red8 22. Nc4 Nc2 23. Ra2 Nd4 24. Nxd4 Bxd4 25. Be3 Qa6 26. Rc1 Nb4 27. Ra3 Bxe3 28. Nxe3 Nd3 29. Rcc3 Nxb2 30. g3 Nd1 31. Rxc5 Nxe3 32. Qxe3 Rd1+ 33. Kh2 Qf1 0-1

[Event "CZE-ch Youth B14 2022"]
[Site "Luhacovice"]
[Date "2022.03.17"]
[Round "7.12"]
[White "Mrazek, Adam"]
[Black "Sigut, Ondrej"]
[Result "1/2-1/2"]
[ECO "A22"]
[WhiteElo "1582"]
[BlackElo "1536"]
[Annotator "NA"]
[PlyCount "72"]
[EventDate "2022.03.12"]
[EventType "swiss"]
[EventCountry "CZE"]
[SourceTitle "playchess.com"]
[Source "ChessBase"]
[SourceQuality "1"]
[TimeControl "40/5400+30:1800+30"]

1. c4 e5 2. Nc3 Nf6 3. g3 c6 4. d4 exd4 5. Qxd4 Be7 6. Bg2 O-O 7. e4 c5 8. Qd1 Nc6 9. Nge2 d6 10. O-O Be6 11. b3 a6 12. Bb2 Rb8 13. a4 Bg4 14. Qd2 Qd7 15. Rfe1 Ne5 16. Qe3 Bh3 17. Nf4 Bxg2 18. Kxg2 Rfe8 19. Rad1 Rbd8 20. f3 Qc6 21. Rd2 Bf8 22. Red1 Qb6 23. Ncd5 Nxd5 24. Nxd5 Qc6 25. Qg5 h6 26. Qf4 Re6 27. Ne3 Be7 28. Bxe5 Rxe5 29. Rd3 Bg5 30. Qg4 Bxe3 31. Rxe3 b5 32. axb5 axb5 33. Red3 bxc4 34. bxc4 Re6 35. Qf4 Rf6 36. Qd2 Re6 1/2-1/2

[Event "CZE-ch Youth B14 2022"]
[Site "Luhacovice"]
[Date "2022.03.18"]
[Round "8.1"]
[White "Dusanek, Michal"]
[Black "Prazak, Daniel"]
[Result "1/2-1/2"]
[ECO "A45"]
[WhiteElo "1682"]
[BlackElo "2016"]
[Annotator "ChessBase"]
[PlyCount "70"]
[EventDate "2022.03.12"]
[EventType "swiss"]
[EventCountry "CZE"]
[SourceTitle "playchess.com"]
[Source "ChessBase"]
[SourceQuality "1"]
[TimeControl "40/5400+30:1800+30"]

1. d4 Nf6 2. Bg5 e6 3. e4 d5 4. e5 h6 5. Be3 Nfd7 6. f4 c5 7. c3 Nc6 8. Nf3 Be7 9. Be2 g6 10. O-O a6 11. Kh1 b5 12. g4 h5 13. f5 hxg4 14. fxe6 fxe6 15. Ng1 g3 16. h3 Bg5 17. Qd2 Bxe3 18. Qxe3 cxd4 19. cxd4 Rf8 20. Nd2 Qe7 21. Nb3 Bb7 22. Qxg3 O-O-O 23. a4 Qb4 24. axb5 axb5 25. Rfc1 Kb8 26. Qd3 Rf2 27. Qxb5 Qxb5 28. Bxb5 Ncxe5 29. Na5 Ng4 30. Nf3 Rxf3 31. hxg4 Rg3 32. Rc2 Rxg4 33. Re1 Rh8+ 34. Rh2 Rxh2+ 35. Kxh2 Nb6 1/2-1/2

[Event "CZE-ch Youth B14 2022"]
[Site "Luhacovice"]
[Date "2022.03.18"]
[Round "8.2"]
[White "Hladky, Tadeas"]
[Black "Zelba, Lukas"]
[Result "1-0"]
[ECO "C10"]
[WhiteElo "2029"]
[BlackElo "1945"]
[Annotator "NA"]
[PlyCount "61"]
[EventDate "2022.03.12"]
[EventType "swiss"]
[EventCountry "CZE"]
[SourceTitle "playchess.com"]
[Source "ChessBase"]
[SourceQuality "1"]
[TimeControl "40/5400+30:1800+30"]

1. e4 e6 2. d4 d5 3. Nd2 dxe4 4. Nxe4 Bd7 5. Nf3 Bc6 6. Bd3 Nd7 7. O-O Be7 8. c4 Ngf6 9. Nc3 Bxf3 10. Qxf3 ({But not} 10. gxf3 O-O $11) 10... c6 (10... c5 $14 {is more appropriate.}) 11. Re1 O-O 12. Be3 Re8 13. Rad1 Bd6 14. Bg5 Qc7 15. g3 a6 (15... h6 $14 16. Be3 Bb4) 16. Ne4 Nxe4 17. Qxe4 Nf8 $16 18. Bd2 Qd7 19. Bc3 a5 20. a3 b5 21. cxb5 cxb5 22. d5 Bc5 23. dxe6 Qxe6 24. Qxe6 Rxe6 25. Rxe6 Nxe6 26. Bxb5 Ng5 27. Rd5 Ne4 28. Bd4 Bxd4 29. Rxd4 Ng5 30. Kg2 Ne6 31. Rc4 1-0

[Event "CZE-ch Youth B14 2022"]
[Site "Luhacovice"]
[Date "2022.03.18"]
[Round "8.3"]
[White "Soucek, Jan"]
[Black "Brozka, Karel"]
[Result "1/2-1/2"]
[ECO "A45"]
[WhiteElo "1849"]
[BlackElo "2125"]
[Annotator "NA"]
[PlyCount "61"]
[EventDate "2022.03.12"]
[EventType "swiss"]
[EventCountry "CZE"]
[SourceTitle "playchess.com"]
[Source "ChessBase"]
[SourceQuality "1"]
[TimeControl "40/5400+30:1800+30"]

1. d4 Nf6 2. Bg5 e6 3. e4 h6 4. Bxf6 Qxf6 5. c3 b6 6. Nd2 Bb7 7. Bd3 c5 8. Ngf3 Nc6 9. d5 Ne5 10. Nxe5 Qxe5 11. Nc4 Qc7 $1 12. Bc2 b5 13. d6 Qd8 $11 14. Ne3 Qf6 15. O-O g5 16. Ng4 Qf4 17. e5 Bg7 18. f3 h5 19. g3 Bxf3 20. Rxf3 Qxg4 21. Qf1 Rf8 22. Rxf7 Rxf7 23. Bg6 O-O-O 24. Bxf7 Bxe5 25. Qxb5 Bxd6 26. Qa6+ Kc7 27. Qxa7+ Kc8 28. Qa6+ Kc7 29. Qa7+ Kc8 30. Qa6+ Kc7 31. Qa7+ 1/2-1/2

[Event "CZE-ch Youth B14 2022"]
[Site "Luhacovice"]
[Date "2022.03.18"]
[Round "8.4"]
[White "Buchta, Bartolomej"]
[Black "Fizer, Marek"]
[Result "1/2-1/2"]
[ECO "B33"]
[WhiteElo "1901"]
[BlackElo "1876"]
[Annotator "ChessBase"]
[PlyCount "98"]
[EventDate "2022.03.12"]
[EventType "swiss"]
[EventCountry "CZE"]
[SourceTitle "playchess.com"]
[Source "ChessBase"]
[SourceQuality "1"]
[TimeControl "40/5400+30:1800+30"]

1. e4 c5 2. Nf3 Nc6 3. d4 cxd4 4. Nxd4 Nf6 5. Nc3 e5 6. Ndb5 d6 7. Bg5 a6 8. Na3 b5 9. Nd5 Be7 10. Bxf6 Bxf6 11. c3 Ne7 12. Nxf6+ gxf6 13. g4 Rg8 14. h3 Bb7 15. Qf3 Ng6 16. O-O-O Nf4 17. Nc2 Ne6 18. Bg2 Nf4 19. Ne3 Qc7 20. Rd2 O-O-O 21. Kb1 Kb8 22. Rc1 h5 23. c4 hxg4 24. hxg4 b4 25. Nd5 Bxd5 26. cxd5 Qd7 27. Bf1 Rc8 28. Rxc8+ Qxc8 29. Rc2 Qxg4 30. Qe3 Qd1+ 31. Rc1 Qd4 32. Qxd4 exd4 33. Bxa6 Rg2 34. Rd1 Ka7 35. Bc4 Kb6 36. b3 Rxf2 37. Rxd4 Kc5 38. Rd1 Ne2 39. Bxe2 Rxe2 40. Rc1+ Kd4 41. Rc4+ Ke5 42. Rxb4 Rxe4 43. Rxe4+ Kxe4 44. Kc2 Kxd5 45. a4 f5 46. Kd3 Kc5 47. a5 Kb5 48. b4 d5 49. Ke3 f6 1/2-1/2

[Event "CZE-ch Youth B14 2022"]
[Site "Luhacovice"]
[Date "2022.03.18"]
[Round "8.5"]
[White "Jasso, Matej"]
[Black "Setina, Vaclav"]
[Result "1/2-1/2"]
[ECO "D00"]
[WhiteElo "1726"]
[BlackElo "1881"]
[Annotator "NA"]
[PlyCount "81"]
[EventDate "2022.03.12"]
[EventType "swiss"]
[EventCountry "CZE"]
[SourceTitle "playchess.com"]
[Source "ChessBase"]
[SourceQuality "1"]
[TimeControl "40/5400+30:1800+30"]

1. d4 d5 2. Bf4 Bf5 3. e3 Nf6 4. Nf3 e6 5. Be2 Be7 6. Nbd2 O-O 7. O-O h6 8. h3 c5 9. c4 Nc6 10. Rc1 cxd4 11. exd4 dxc4 12. Nxc4 Be4 13. Nce5 Bd6 14. Nxc6 $11 Bxc6 15. Ne5 Bd5 16. Bf3 Qe7 17. Re1 Rfd8 18. Bxd5 Nxd5 19. Bg3 Bc7 20. Qg4 Qg5 21. Qxg5 hxg5 22. Nxf7 Kxf7 23. Bxc7 Rd7 24. Be5 Nb4 25. Rc4 Nd3 26. Re2 b5 27. Rc3 Nf4 28. Rf3 Ke7 29. Bxf4 gxf4 30. Rxf4 Rc8 31. Re5 Rd5 32. Rfe4 Rxe5 33. Rxe5 a6 34. Rc5 Rd8 35. Kf1 Rxd4 36. Ke2 Rd6 37. Ke3 Kf6 38. a4 bxa4 39. Ra5 Rb6 40. Rxa4 Rb3+ 41. Ke4 1/2-1/2

[Event "CZE-ch Youth B14 2022"]
[Site "Luhacovice"]
[Date "2022.03.18"]
[Round "8.6"]
[White "Juhanak, Daniel"]
[Black "Zrubek, Dan"]
[Result "1-0"]
[ECO "B76"]
[WhiteElo "1688"]
[BlackElo "1478"]
[Annotator "NA"]
[PlyCount "73"]
[EventDate "2022.03.12"]
[EventType "swiss"]
[EventCountry "CZE"]
[SourceTitle "playchess.com"]
[Source "ChessBase"]
[SourceQuality "1"]
[TimeControl "40/5400+30:1800+30"]

1. e4 c5 2. Nf3 d6 3. d4 cxd4 4. Nxd4 Nf6 5. Nc3 g6 6. Be3 Bg7 7. f3 O-O 8. Qd2 Nc6 9. O-O-O d5 10. Qe1 e5 11. Nxc6 bxc6 12. exd5 Nxd5 13. Bc4 Be6 14. Kb1 Qc7 15. Nxd5 cxd5 16. Bxd5 Bxd5 17. Rxd5 Qb7 18. Qa5 Rab8 19. b3 Rfc8 20. Rhd1 Bf6 21. Bxa7 Ra8 22. Rd7 Qc6 23. c4 Rcb8 24. Qd5 Qxd5 25. R1xd5 Re8 26. c5 e4 27. fxe4 Rxe4 28. Bb6 Re1+ 29. Rd1 Re2 30. R7d2 Re6 31. a4 Re4 32. a5 Kg7 33. c6 Ree8 34. c7 Rac8 35. Rd8 Kf8 36. Rxc8 Rxc8 37. Rd8+ 1-0